 Dungeon Crawl Stone Soup version 0.23-a0-767-gdc19b93d68 (webtiles) character file.

302 LLavrengius the Cutter (level 6, -4/42 HPs)
             Began as an Octopode Fighter on Jan 20, 2019.
             Was an Initiate of Gozag.
             Slain by an ogre
             ... wielding a +0 giant spiked club
              (23 damage)
             ... on level 4 of the Dungeon.
             The game lasted 00:09:53 (3360 turns).

LLavrengius the Cutter (Octopode Fighter)           Turns: 3360, Time: 00:09:54

Health: -4/42      AC:  1    Str: 15    XL:     6   Next: 37%
Magic:  6/6        EV: 11    Int: 13    God:    Gozag
Gold:   270        SH:  8    Dex: 11    Spells: 5/5 levels left

rFire    . . .     SeeInvis .   a - +0 rapier
rCold    . . .     Gourm    +   b - +0 shield
rNeg     . . .     Faith    .   (helmet restricted)
rPois    .         Spirit   .   e - amulet of the gourmand
rElec    .         Reflect  .   (no ring)
rCorr    .         Harm     .   (no ring)
MR       .....                  (no ring)
Stlth    +++.......             (no ring)
HPRegen  0.14/turn              (no ring)
MPRegen  0.10/turn              (no ring)
                                (no ring)
                                (no ring)

@: no status effects
A: almost no armour, stealthy swim, amphibious, 8 rings, constrict 8, camouflage
1, gelatinous body 1
a: Potion Petition, Call Merchant, Bribe Branch, Renounce Religion


You were on level 4 of the Dungeon.
You worshipped Gozag.
Gozag was aware of your devotion.
You were full.

You visited 1 branch of the dungeon, and saw 4 of its levels.

You collected 313 gold pieces.
You paid 43 gold pieces to Gozag.

Inventory:

Hand Weapons
 a - a +0 rapier (weapon)
Missiles
 p - 3 silver tomahawks (quivered)
Armour
 b - a +0 shield (worn)
Jewellery
 e - an amulet of the gourmand (around mantle)
 l - an uncursed amulet of rage
 r - a +4 ring of protection {unknown}
Wands
 k - a wand of digging (5)
Scrolls
 f - 2 scrolls of enchant weapon {unknown}
 g - 2 scrolls of remove curse
 h - a scroll of random uselessness {unknown}
 j - 3 scrolls of teleportation {unknown}
 o - a scroll of identify {unknown}
Potions
 c - 2 potions of might
 i - 3 potions of agility {unknown}
 m - a potion of heal wounds {unknown}
 n - a potion of curing {unknown}
 q - 2 potions of degeneration {unknown}
 s - a potion of invisibility {unknown}
Comestibles
 d - 8 rations


   Skills:
 - Level 3.1 Fighting
 + Level 5.4 Short Blades
 - Level 3.2 Dodging
 - Level 4.0 Stealth
 - Level 3.1 Shields


You had 5 spell levels left.
You didn't know any spells.
Your spell library contained the following spells:

 Spells                   Type           Power        Failure   Level  Hunger
 Animate Skeleton         Necr           N/A          82%         1    ##.....
 Apportation              Tloc           #.....       82%         1    ##.....
 Confusing Touch          Hex            #.....       82%         1    ##.....
 Summon Small Mammal      Summ           #...         82%         1    ##.....


Dungeon Overview and Level Annotations

Branches:
Dungeon (4/15)
 Temple: D:4-7

Altars:
Gozag


Innate Abilities, Weirdness & Mutations

You cannot wear most types of armour.
You are very stealthy in the water. (Stealth+)
You are amphibious.
You can wear up to eight rings at the same time.
You can use your tentacles to constrict eight enemies at once.
Your skin changes colour to match your surroundings (Stealth+).
Your rubbery body absorbs attacks. (AC +1, EV +1)


Message History

Found 19 gold pieces.
Evoke which item? (* to show all) (? for menu, Esc to quit)
Okay, then.
You hit the ogre.
The ogre is lightly wounded.
You block the ogre's attack.
You closely miss the ogre.
The ogre is lightly wounded.
You hit the ogre.
The ogre is moderately wounded.
The ogre hits you with a +0 giant spiked club!!
Ouch! That really hurt!
You are too injured to fight recklessly!
You are too injured to fight recklessly!
You hit the ogre.
The ogre is moderately wounded.
The ogre hits you with a +0 giant spiked club!!
Ouch! That really hurt!
You die...
Your body crumbles into a pile of gold.

...........# #...............
...........# #................
..........###...# #...........
..#.......#.##..####..........
. ##..............#........#.#
.........##....##..........###
.........###.........#......##
....#....###.....#####.......#
....##.......@..## #........
........###..O...# #..##....
.. .....####..#.## #....
...........#... ##...
##...###.#.##..# #....
###.####.:# .## .....
#..#....# .. ..##. ..
#.......# ... $ . #. ...
##[##....###.. .


You could see an ogre.

Vanquished Creatures
  A howler monkey (D:4)
  A bullfrog zombie (D:4)
  2 orc priests
  2 worker ants (D:4)
  2 adders
  An ooze (D:3)
  6 worms
  A dart slug (D:2)
  2 leopard geckos
  8 orcs
  2 giant cockroaches (D:3)
  11 hobgoblins
  3 quokkas
  2 ball pythons (D:4)
  10 bats
  4 frilled lizards
  9 goblins
  6 kobolds
  5 rats
78 creatures vanquished.

Notes
Turn   | Place    | Note
-------+----------+-------------------------------------------
     0 | D:1      | LLavrengius the Octopode Fighter began the quest for the
                  | Orb.
     0 | D:1      | Reached XP level 1. HP: 16/16 MP: 1/1
   316 | D:1      | Reached XP level 2. HP: 21/21 MP: 2/2
   609 | D:2      | Reached skill level 1 in Stealth
   657 | D:2      | Reached XP level 3. HP: 15/26 MP: 3/3
  1342 | D:2      | Reached XP level 4. HP: 31/31 MP: 4/4
  1357 | D:2      | Reached skill level 3 in Short Blades
  2194 | D:3      | Reached XP level 5. HP: 32/36 MP: 5/5
  2355 | D:3      | Found an opulent altar of Gozag.
  2363 | D:3      | Became a worshipper of Gozag Ym Sagoz the Greedy
  2667 | D:4      | Reached skill level 4 in Short Blades
  2968 | D:4      | Reached XP level 6. HP: 28/42 MP: 6/6
  2974 | D:4      | Reached skill level 5 in Short Blades
  3360 | D:4      | Slain by an ogre

Vault maps used:
D:1:      giann_bridges, serial_forest, infiniplex_forest_end_1,
          infiniplex_forest_clump_small, infiniplex_forest_clump_tiny,
          infiniplex_forest_clump_large, infiniplex_forest_clump_long,
          infiniplex_forest_end_2, infiniplex_forest_straight_1,
          infiniplex_forest_clump_long, grunt_decor_one_mirror
D:2:      eino_tiny_chamber, solitary_fountain
D:3:      corexii_shack_village, overflow_temple_1_default
D:4:      minmay_temple_entry_butterflies, first_ration

Skill      XL: |  1  2  3  4  5  6 |
---------------+-------------------+-----
Stealth        | 1 2 4 |  4.0
Short Blades   | 3 4 5 |  5.4
Fighting       | |  3.1
Dodging        | |  3.2
Shields        | |  3.1

Action                   |  1- 3 |  4- 6 || total
-------------------------+-------+-------++-------
Melee: Rapier            |    69 |    82 ||   151
       Tentacles         |    10 |    17 ||    27
       Constrict         |    18 |    18 ||    36
Invok: Potion Petition   |       |     1 ||     1
  Use: Scroll            |     1 |       ||     1
 Stab: Sleeping          |     8 |     6 ||    14
  Eat: Chunk             |     5 |     9 ||    14
Armor: Skin              |     2 |     5 ||     7
Dodge: Dodged            |    20 |    25 ||    45
Block: Shield            |    21 |    32 ||    53

Table legend:
 A = Non-vault XP
 B = Vault XP
 C = Vault XP percentage of total XP
 D = Non-vault monster count
 E = Vault monster count
 F = Vault count percentage of total count
                 A         B        C        D         E       F
            +---------+---------+-------+---------+---------+-------
      Total |     418 |      14 |   3.2 |      71 |       7 |   9.0
            +---------+---------+-------+---------+---------+-------
        D:1 |      18 |       0 |   0.0 |      13 |       0 |   0.0
        D:2 |     116 |       0 |   0.0 |      33 |       0 |   0.0
        D:3 |      35 |      14 |  28.6 |      10 |       7 |  41.2
        D:4 |     249 |       0 |   0.0 |      15 |       0 |   0.0
            +---------+---------+-------+---------+---------+-------
